 Dungeon Crawl Stone Soup version 0.30-a0-1016-gfb0d676c02 (webtiles) character file.

Game seed: 1273306840810427083

324278 greenreed the Slayer (level 20, -4/213 HPs)
             Began as a Minotaur Fighter on Apr 7, 2023.
             Was the Champion of Nemelex Xobeh.
             Slain by a vault guard
             ... wielding a +0 battleaxe
              (5 damage)
             ... while paralysed by a dread lich
             ... on level 5 of the Vaults.
             The game lasted 02:18:55 (45376 turns).

greenreed the Slayer (Minotaur Fighter)            Turns: 45376, Time: 02:18:56

Health: -4/213     AC: 25    Str: 33    XL:     20   Next: 71%
Magic:  7/7        EV:  2    Int:  5    God:    Nemelex Xobeh [******]
Gold:   2633       SH:  0    Dex: 21    Spells: 19/19 levels left

rFire   + + +      SeeInvis +    n - +2 glaive (antimagic)
rCold   + . .      Faith    .    (shield currently unavailable)
rNeg    + . .      Spirit   .    q - +0 gold dragon scales
rPois   +          Reflect  .    Q - +2 hat
rElec   +          Rampage  .    C - +2 cloak {rPois}
rCorr   .                        g - +1 pair of gloves of True Grit {Dex+8 Stlth-}
Will    +....                    h - +0 pair of boots of Gauc {rElec} Stlth
                                 f - amulet of regeneration
HPRegen 1.35/turn                W - ring "Qullero" {rF++ rN+ MP-9 Str+6}
MPRegen 0.10/turn                O - ring of see invisible

@: paralysed, corroded
A: horns 2, retaliatory headbutt
}: 2/15 runes: serpentine, barnacled
a: Renounce Religion, Draw Escape, Draw Destruction, Draw Summoning, Triple
Draw, Deal Four, Stack Five


You were on level 5 of the Vaults.
You worshipped Nemelex Xobeh.
Nemelex Xobeh was exalted by your worship.
You visited 8 branches of the dungeon, and saw 36 of its levels.
You visited the Abyss 1 time.
You visited 2 bazaars.
You also visited: Gauntlet.

You collected 4165 gold pieces.
You spent 1532 gold pieces at shops.

Inventory:

Hand Weapons
 n - a +2 antimagic glaive (weapon)
 t - the +8 trident of the Octopus King {venom, rElec rPois}
   (You found it on level 2 of the Dungeon)

   rElec:     It insulates you from electricity.
   rPois:     It protects you from poison.
 A - a +3 demon trident of freezing
 J - a +0 vampiric halberd
 P - the +5 glaive of Kal Genk {spect, rF+ Will+ MP+9}
   (You bought it in a shop in a bazaar)

   rF:        It protects you from fire.
   MP:        It affects your magic capacity (+9).
   Will:      It increases your willpower.
Armour
 c - a +2 tower shield of reflection
 g - the +1 pair of gloves of True Grit (worn) {Dex+8 Stlth-}
   (You acquired it on level 15 of the Dungeon)

   Dex:       It affects your dexterity (+8).
   Stlth:     It makes you less stealthy.
 h - the +0 pair of boots of Gauc (worn) {rElec}
   (You found it in a Gauntlet)

   rElec:     It insulates you from electricity.
 q - +0 gold dragon scales (worn)
 C - a +2 cloak of poison resistance (worn)
 K - a +1 tower shield of positive energy
 Q - a +2 hat (worn)
 Y - the +3 pair of boots "Juloodgh" {Rampage Str+3}
   (You found it on level 3 of the Lair of Beasts)

   Str:       It affects your strength (+3).
   Rampage:   It bestows one free step when moving towards enemies.
Jewellery
 a - the ring of Lady Luck {Wiz rCorr Dex+3}
   (You found it in a Gauntlet)

   [ring of wizardry]

   It improves your spell success rate.
   Dex:       It affects your dexterity (+3).
   rCorr:     It protects you from acid and corrosion.
 b - a ring of protection from cold
 f - an amulet of regeneration (around neck)
 i - a ring of protection from fire
 u - a ring of positive energy
 z - an amulet of reflection
 G - a ring of flight
 O - a ring of see invisible (right hand)
 W - the ring "Qullero" (left hand) {rF++ rN+ MP-9 Str+6}
   (You bought it in a shop on level 4 of the Snake Pit)

   [ring of strength]

   Str:       It affects your strength (+6).
   rF:        It greatly protects you from fire.
   rN:        It protects you from negative energy.
   MP:        It affects your magic capacity (-9).
Wands
 k - a wand of charming (8)
 p - a wand of flame (87)
 w - a wand of roots (18)
 I - a wand of polymorph (30)
 S - a wand of mindburst (20)
 X - a wand of quicksilver (16)
Scrolls
 j - 14 scrolls of teleportation
 o - a scroll of silence
 r - 12 scrolls of fear
 s - 4 scrolls of enchant armour
 E - 7 scrolls of blinking
 H - 7 scrolls of poison
 M - 6 scrolls of fog
 N - 8 scrolls of immolation
 T - a scroll of enchant weapon
 U - 4 scrolls of magic mapping
Potions
 d - 8 potions of might
 e - 3 potions of ambrosia
 l - 7 potions of lignification
 m - 5 potions of berserk rage
 v - 3 potions of resistance
 x - 17 potions of curing
 B - 2 potions of cancellation
 D - a potion of heal wounds
 F - 3 potions of invisibility
 L - 8 potions of mutation
 V - 7 potions of haste
 Z - 2 potions of magic
Miscellaneous
 y - a lightning rod (4/4)
 R - a box of beasts


   Skills:
 * Level 26.3 Fighting
 - Level 5.5(14.0) Axes
 - Level 19.7(20.0) Polearms
 + Level 19.5 Armour
 - Level 16.0 Shields
 + Level 4.4 Translocations
 + Level 15.5 Invocations


You had 19 spell levels left.
You didn't know any spells.
Your spell library contained the following spells:

 Spells                   Type           Power      Damage    Failure   Level
 Lesser Beckoning         Tloc           8%         N/A       75%         2
 Gell's Gravitas          Tloc           4%         N/A       92%         3
 Teleport Other           Tloc           4%         N/A       92%         3
 Necrotise                Necr           0%         1d4       99%         1
 Shock                    Conj/Air       0%         1d3       99%         1
 Summon Small Mammal      Summ           0%         N/A       99%         1
 Portal Projectile        Hex/Tloc       4%         N/A       99%         3
 Cigotuvi's Dreadful Rot  Necr/Pois/Air  0%         N/A       100%        2
 Sublimation of Blood     Necr           0%         N/A       100%        2
 Call Canine Familiar     Summ           0%         N/A       100%        3
 Hailstorm                Conj/Ice       0%         3d3       100%        3
 Ozocubu's Armour         Ice            0%         N/A       100%        3
 Spider Form              Tmut/Pois      0%         N/A       100%        3
 Summon Guardian Golem    Hex/Summ       0%         N/A       100%        3
 Swiftness                Air            0%         N/A       100%        3
 Vampiric Draining        Necr           0%         2d6       100%        3
 Airstrike                Air            0%         2d(0-16)  100%        4
 Anguish                  Hex/Necr       0%         N/A       100%        4
 Animate Armour           Summ/Erth      0%         N/A       100%        4
 Animate Dead             Necr           0%         N/A       100%        4
 Dispel Undead            Necr           0%         3d6       100%        4
 Ice Form                 Ice/Tmut       0%         N/A       100%        4
 Leda's Liquefaction      Hex/Erth       0%         N/A       100%        4
 Petrify                  Tmut/Erth      0%         N/A       100%        4
 Agony                    Necr           0%         N/A       100%        5
 Alistair's Intoxication  Tmut/Pois      0%         N/A       100%        5
 Blade Hands              Tmut           0%         N/A       100%        5
 Irradiate                Conj/Tmut      0%         3d11      100%        5
 Lee's Rapid Deconstruct  Erth           0%         3d4*      100%        5
 Metabolic Englaciation   Hex/Ice        0%         N/A       100%        5
 Summon Forest            Summ/Tloc      1%         N/A       100%        5
 Death Channel            Necr           0%         N/A       100%        6
 Eringya's Noxious Bog    Tmut/Pois      0%         N/A       100%        6
 Iron Shot                Conj/Erth      0%         9d1       100%        6
 Simulacrum               Ice/Necr       0%         N/A       100%        6
 Statue Form              Tmut/Erth      0%         N/A       100%        6
 Haunt                    Necr/Summ      0%         N/A       100%        7
 Ozocubu's Refrigeration  Ice            0%         4d7       100%        7
 Summon Hydra             Summ           0%         N/A       100%        7
 Borgnjor's Revivificati  Necr           0%         N/A       100%        8
 Infestation              Necr           0%         N/A       100%        8
 Polar Vortex             Ice            0%         N/A       100%        9


Dungeon Overview and Level Annotations

Branches:
Dungeon (15/15)            Temple (1/1) D:7            Lair (4/5) D:10
 Shoals (4/4) Lair:3        Snake (4/4) Lair:2        Slime (0/5) Lair:4
    Orc (2/2) D:11            Elf (0/3) Orc:2        Vaults (5/5) D:14
  Crypt (0/3) Vaults:3     Depths (1/4) D:15        Gauntlet (visited)

Altars:
Ashenzari
Cheibriados
Dithmenos
Elyvilon
Fedhas
Gozag
Hepliaklqana
Kikubaaqudgha
Makhleb
Nemelex Xobeh
Okawaru
Qazlal
Ru
Sif Muna
Trog
Uskayaw
Vehumet
Wu Jian
Xom
Yredelemnul
Zin
The Shining One
Jiyva

Shops:
D:7 :   D:8 [   D:11 !?!   Orc:2 =(*(   Shoals:4 *   Snake:4 =::   Vaults:2 :
Vaults:4 *

Annotations:
D:8 2 transporters, Jeffwins's ghost, novice HuWn


Innate Abilities, Weirdness & Mutations

You have a pair of horns on your head.
You reflexively headbutt those who attack you in melee.


Message History

The vault guard hits you with a +0 battleaxe!
* * * LOW HITPOINT WARNING * * *
The vault guard hits your +0 quarterstaff "Demonslayer" {pain, Str+3} with a +0 battleaxe.
The vault guard barely misses you.
The dread lich touches you but does no damage.
The deep elf sorcerer casts a spell at you.
You resist with some effort.
Your +0 quarterstaff "Demonslayer" {pain, Str+3} hits the dread lich.
The vault guard barely misses you.
The vault guard hits your +0 quarterstaff "Demonslayer" {pain, Str+3} with a +0 battleaxe!!
The vault guard completely misses you.
The dread lich touches your +0 quarterstaff "Demonslayer" {pain, Str+3}!
Your +0 quarterstaff "Demonslayer" {pain, Str+3} is destroyed!
Your +0 quarterstaff "Demonslayer" {pain, Str+3} disappears in a puff of smoke!
The deep elf sorcerer hits you but does no damage.
The dread lich shouts!
You hear a shout!
The deep elf sorcerer hits you but does no damage.
The vault guard hits you with a +0 battleaxe!
* * * LOW HITPOINT WARNING * * *
The vault guard barely misses you.
The dread lich gestures at you while chanting.
You shrug off the repeated paralysis!
The deep elf sorcerer completely misses you.
An orc knight comes into view. It is wielding a +2 war axe.
The vault guard hits you but does no damage. x2
The deep elf sorcerer points at you and mumbles some strange words.
The bolt of acid hits you!!!
* * * LOW HITPOINT WARNING * * *
The acid corrodes you!
The dread lich touches you but does no damage.
The dread lich's magic is no longer disrupted.
The vault guard is no longer covered in acid.
The deep elf sorcerer gestures at you while chanting.
The bolt of acid hits you!
* * * LOW HITPOINT WARNING * * *
The acid corrodes you!
The vault guard hits you with a +0 battleaxe.
You die...
Your body glows with a rainbow of weird colours and disappears.

#. #. C# # #... .# .
# #... .# .. # #...
.# #..# #...####. #..
#.......#############
##p.
#............pe......
...p
#........)...@LD.....
...p
#........)!)[pp....o.
...p
#....................
.p..
#....################
##p. #...........
.... #..#........
...# #..#..###..#
#..# #.)#..# .. #$ #
#..#..# #


You could see a dread lich (invisible, corroded), a storm dragon (corroded), 3
vault guards, an orc knight and a deep elf sorcerer (fast).

Vanquished Creatures
  A golden dragon (Vaults:5)
  Jory (Vaults:5)
  Frances (Snake:1)
  5 krakens
  A sphinx (Vaults:2)
  3 tentacled starspawn (Abyss:3)
  A storm dragon (Vaults:3)
  Kirke (D:15)
  5 tengu reavers
  Roxanne (Snake:2)
  13 nagarajas (Snake:4)
  A revenant (Abyss:3)
  A fire giant (Vaults:5)
  5 frost giants
  A deep elf sorcerer (Vaults:5)
  6 vault wardens
  Aizul (Snake:1)
  Louise (D:15)
  A broodmother (Shoals:2)
  16 ironbound preservers
  2 war gargoyles (Vaults:4)
  2 orc warlords
  7 very ugly things
  2 stone giants
  9 ironbound thunderhulks
  A deep elf demonologist (Vaults:4)
  A minotaur (Gauntlet)
  20 dire elephants
  2 ettins
  2 crystal guardians (Vaults:3)
  5 merfolk javelineers (Shoals:4)
  Josephine (D:15)
  2 fire dragons
  8 merfolk impalers
  13 yaktaur captains
  2 peacekeepers
  2 entropy weavers
  A salamander tyrant (Snake:4)
  An ice dragon (D:15)
  6 great orbs of eyes
  18 vault guards
  5 hydras
  9 two-headed ogres
  7 ironbound frosthearts
  An ogre mage (D:14)
  5 anacondas
  Erica (D:8)
  4 merfolk aquamancers (Shoals:4)
  7 merfolk avatars
  2 catoblepae
  18 centaur warriors
  3 satyrs
  2 alligator snapping turtles (Shoals:4)
  2 death knights (Vaults:3)
  2 tengu warriors (D:15)
  2 boulder beetles
  13 naga warriors
  A vampire mage (Abyss:3)
  2 death scarabs (Gauntlet)
  3 thrashing horrors (Abyss:3)
  6 death yaks
  6 naga sharpshooters
  2 wretched stars (Abyss:3)
  5 hell knights (Abyss:3)
  A shock serpent (Snake:2)
  Nergalle (Lair:1)
  A sun demon (Abyss:3)
  A sixfirhy (D:10)
  3 skysharks
  9 sea snakes
  2 salamander mystics (Snake:4)
  A kraken simulacrum (Shoals:4)
  An obsidian statue (Vaults:2)
  3 naga ritualists (Snake:4)
  2 spectral hydras (Gauntlet)
  34 deep trolls
  22 harpies
  2 phantasmal warriors (Vaults:4)
  5 orc knights
  14 lindwurms
  17 ironbound convokers
  5 mana vipers
  3 wolf spiders
  5 necromancers
  2 deep elf pyromancers
  7 wizards
  14 manticores
  5 salamanders
  8 fauns
  6 cyclopes
  2 orc sorcerers
  6 elephants
  7 merfolk sirens
  A fire giant skeleton (Vaults:1)
  9 naga magi
  23 ugly things
  A smoke demon (Abyss:3)
  22 black mambas
  6 water nymphs
  An apocalypse crab (Abyss:3)
  5 guardian serpents (Snake:4)
  20 vault sentinels
  2 minotaur zombies (Gauntlet)
  An unseen horror (D:12)
  An orange demon (Abyss:3)
  10 cane toads
  2 unseen horror zombies (D:9)
  A rime drake (Lair:3)
  3 spectral water nymphs (Shoals:1)
  2 tengu conjurers (D:15)
  4 komodo dragons
  20 yaktaurs
  2 human skeletons (Vaults:1)
  2 polar bears
  A freezing wraith (Abyss:3)
  A spectral merfolk (Shoals:1)
  26 merfolk
  6 trolls
  A tyrant leech (D:12)
  6 wind drakes
  2 hornets
  Prince Ribbit (D:5)
  18 blink frogs
  8 snapping turtles
  A spectral dream sheep (Gauntlet)
  5 flying skulls (Abyss:3)
  A spectral wind drake (Shoals:1)
  A spectral black mamba (Gauntlet)
  26 slime creatures
  9 wraiths
  A shadow (D:11)
  6 small abominations (Abyss:3)
  A wyvern (Lair:4)
  18 humans (D:14)
  Eustachio (D:5)
  3 vampires (D:12)
  3 spriggans
  9 water elementals
  35 yaks
  2 basilisks
  4 steam dragons
  Grum (D:11)
  A sea snake simulacrum (Shoals:1)
  5 hogs (D:15)
  A chaos spawn (Abyss:3)
  Menkaure (D:6)
  15 nagas
  A naga (shapeshifter) (D:15)
  3 vampire mosquitoes (D:12)
  3 large abominations (Abyss:3)
  4 wargs
  3 acid dragons
  10 water moccasins
  Duvessa (D:5)
  4 ice beasts
  2 human zombies (Vaults:1)
  29 orc warriors
  4 black bears
  3 boggarts (Vaults:2)
  23 wolves
  19 centaurs
  10 ogres
  A phantom (D:5)
  Blork the orc (D:6)
  6 kobold brigands
  3 scorpions
  15 bullfrogs
  An earth elemental (Abyss:3)
  6 gnoll sergeants
  16 wights
  Dowan (D:5)
  2 killer bees (D:8)
  5 electric eels
  13 howler monkeys
  A centaur zombie (D:9)
  6 hounds
  8 jellies
  A quasit (Abyss:3)
  12 orc priests
  5 gnoll boudas
  A sleepcap (D:8)
  An iguana (D:5)
  30 orc wizards
  A killer bee zombie (D:9)
  3 howler monkey zombies (D:9)
  6 adders
  25 gnolls
  A shadow imp (D:8)
  A white imp (D:7)
  2 ufetubi
  A worm (D:2)
  2 dart slugs
  65 orcs
  7 endoplasms
  A giant cockroach (D:4)
  2 goblins
  5 hobgoblins
  2 jackals (D:1)
  13 kobolds
  2 quokkas
  9 ball pythons
  6 bats
  2 frilled lizards (D:3)
  5 rats
  2 lurking horrors (Abyss:3)
  3 starspawn tentacles (Abyss:3)
  10 tentacles
1258 creatures vanquished.

Vanquished Creatures (collateral kills)
  A golden dragon (Vaults:5)
  The ghost of Zilibas the Executioner, an adept MiBe of Trog (Shoals:1)
  Gastronok (Lair:3)
  A storm dragon (Snake:2)
  A nagaraja (Snake:4)
  A fire giant (Vaults:5)
  A hydra (D:12)
  An alligator snapping turtle (Shoals:2)
  A naga warrior (Snake:2)
  2 naga sharpshooters (Snake:4)
  A naga ritualist (Snake:4)
  An orc knight (Orc:2)
  A spectral satyr (Shoals:1)
  A guardian serpent (Snake:4)
  2 black mambas
  A naga mage (Snake:2)
  A merfolk (Shoals:2)
  A tyrant leech (D:12)
  A vampire mosquito (D:12)
  3 nagas
  A spectral snapping turtle (Shoals:1)
  7 orc warriors (Orc:2)
  A water nymph simulacrum (Shoals:1)
  An electric eel (Lair:3)
  A jelly (Lair:3)
  4 orcs
39 creatures vanquished.

Vanquished Creatures (others)
  A merfolk aquamancer (Shoals:2)
  A human (D:15)
  6 demonic plants (Abyss:3)
  6 fungi
  59 plants
  6 starspawn tentacles (Abyss:3)
  31 tentacles
110 creatures vanquished.

Grand Total: 1407 creatures vanquished

Notes
Turn   | Place    | Note
-------+----------+-------------------------------------------
     0 | D:1      | greenreed the Minotaur Fighter began the quest for the Orb.
     0 | D:1      | Reached XP level 1. HP: 19/19 MP: 0/0
   124 | D:1      | Reached XP level 2. HP: 23/27 MP: 1/1
   527 | D:1      | Reached skill level 4 in Fighting
   717 | D:2      | Found a faded altar of an unknown god.
   808 | D:2      | Reached XP level 3. HP: 33/33 MP: 2/2
   863 | D:2      | Identified the +3 dagger "Daddaus" {venom, rElec rN+ Int-4}
  1040 | D:2      | Found the +8 trident of the Octopus King {venom, rElec
                  | rPois}
  1581 | D:3      | Reached XP level 4. HP: 36/40 MP: 3/3
  2168 | D:4      | Reached XP level 5. HP: 42/47 MP: 4/4
  2245 | D:4      | Found a transporter.
  2284 | D:4      | Found a transporter.
  2401 | D:4      | Noticed a black bear
  2406 | D:4      | Killed a black bear
  2407 | D:4      | Reached skill level 5 in Fighting
  2521 | D:3      | Reached XP level 6. HP: 11/56 MP: 5/5
  2872 | D:4      | Reached skill level 5 in Shields
  3017 | D:4      | Reached skill level 5 in Axes
  3017 | D:4      | Reached skill level 5 in Armour
  3186 | D:5      | Entered Level 5 of the Dungeon
  3242 | D:5      | Reached skill level 6 in Fighting
  3288 | D:5      | Reached XP level 7. HP: 61/63 MP: 6/6
  3293 | D:5      | Noticed Eustachio
  3316 | D:5      | Killed Eustachio
  3562 | D:5      | Noticed Prince Ribbit
  3569 | D:5      | Reached skill level 7 in Fighting
  3576 | D:5      | Reached XP level 8. HP: 12/73 MP: 7/7
  3777 | D:5      | Killed Prince Ribbit
  3931 | D:5      | Noticed Dowan
  3932 | D:5      | Noticed Duvessa
  3948 | D:5      | Killed Dowan
  3949 | D:5      | Killed Duvessa
  3950 | D:5      | Reached skill level 8 in Fighting
  4201 | D:5      | Reached skill level 5 in Polearms
  4326 | D:6      | Got the Cyclopedia of Evil Filth
  4584 | D:6      | Reached XP level 9. HP: 79/82 MP: 8/8
  4622 | D:6      | Reached skill level 9 in Fighting
  4637 | D:6      | Noticed Blork the orc
  4643 | D:6      | Killed Blork the orc
  4749 | D:6      | Noticed Menkaure
  4756 | D:6      | Killed Menkaure
  5327 | D:7      | Found Daocs's Book Shoppe.
  5436 | D:7      | Found a staircase to the Ecumenical Temple.
  5577 | Temple   | Entered the Ecumenical Temple
  5587 | Temple   | Became a worshipper of Nemelex Xobeh the Trickster
  5857 | D:7      | Found an ornate altar of the Wu Jian Council.
  5869 | D:7      | Found a radiant altar of Vehumet.
  5936 | D:7      | Reached skill level 10 in Fighting
  5990 | D:7      | Reached skill level 1 in Invocations
  6408 | D:7      | Noticed a cyclops
  6423 | D:7      | Killed a cyclops
  6424 | D:7      | Reached XP level 10. HP: 83/94 MP: 10/10
  7014 | D:7      | Reached skill level 11 in Fighting
  7155 | D:8      | Noticed a moth of wrath
  7158 | D:8      | Found a bloodstained altar of Trog.
  7158 | D:8      | Noticed Jeffwins's ghost (novice HuWn)
  7161 | D:8      | Noticed a two-headed ogre
  7192 | D:8      | Found a transporter.
  7210 | D:8      | Found a transporter.
  7328 | D:8      | Noticed Erica
  7346 | D:8      | Killed Erica
  7551 | D:8      | Identified the +9 mace "Bogez" {freeze, Will+ Dex+4}
  7562 | D:8      | Reached * piety under Nemelex Xobeh
  7733 | D:8      | Found Bavimut's Antique Armour Shoppe.
  8247 | D:8      | Noticed a two-headed ogre
  8247 | D:8      | Noticed a two-headed ogre
  8261 | D:8      | Killed a two-headed ogre
  8262 | D:8      | Reached skill level 10 in Polearms
  8266 | D:8      | Killed a two-headed ogre
  8267 | D:8      | Reached XP level 11. HP: 57/104 MP: 12/12
  8269 | D:8      | Paralysed by a hornet for 2 turns
  8413 | D:8      | Reached skill level 12 in Fighting
  8952 | D:9      | Received a gift from Nemelex Xobeh
  9244 | D:9      | Received a gift from Nemelex Xobeh
  9660 | D:9      | Noticed a two-headed ogre
  9665 | D:9      | Killed a two-headed ogre
  9728 | D:9      | Reached ** piety under Nemelex Xobeh
  9837 | D:10     | Entered Level 10 of the Dungeon
 10590 | D:10     | Noticed a two-headed ogre
 10591 | D:10     | Noticed a sixfirhy
 10597 | D:10     | Killed a two-headed ogre
 10599 | D:10     | Found a runed translucent door.
 10722 | D:10     | Killed a sixfirhy
 10723 | D:10     | Reached skill level 5 in Invocations
 10772 | D:10     | Found a staircase to the Lair.
 10900 | D:11     | Found a flickering gateway to a bazaar.
 10929 | D:11     | Received a gift from Nemelex Xobeh
 10949 | Bazaar   | Entered a bazaar
 10962 | Bazaar   | Found Tybeff's Antique Weapon Emporium.
 10974 | Bazaar   | Found Nec Kalo's Antique Weapon Shoppe.
 10989 | Bazaar   | Found Narerr's Antique Armour Shoppe.
 11001 | Bazaar   | Found Tutute's Antique Armour Emporium.
 11054 | Bazaar   | Bought an ancient glaive for 379 gold pieces
 11054 | Bazaar   | Identified the +5 glaive of Kal Genk {spect, rF+ Will+
                  | MP+9} (You bought it in a shop in a bazaar)
 11085 | D:11     | Found Detrouv's Magic Scroll Shoppe.
 11090 | D:11     | Bought a scroll of immolation for 48 gold pieces
 11090 | D:11     | Bought a scroll of noise for 12 gold pieces
 11095 | D:11     | Reached *** piety under Nemelex Xobeh
 11126 | D:11     | Found a staircase to the Orcish Mines.
 11173 | D:11     | Found Coes's Distillery.
 11208 | D:11     | Reached skill level 13 in Fighting
 11213 | D:11     | Bought a potion of heal wounds for 80 gold pieces
 11337 | D:11     | Found Xiceaha's Distillery.
 11377 | D:11     | Noticed Grum
 11402 | D:11     | Reached skill level 10 in Shields
 11408 | D:11     | Killed Grum
 11651 | D:11     | Reached skill level 10 in Armour
 11982 | D:11     | Reached XP level 12. HP: 105/115 MP: 12/15
 12610 | D:12     | Identified the +1 quarterstaff of Summer {heavy, rElec
                  | rCorr MP+9}
 12699 | D:12     | Received a gift from Nemelex Xobeh
 12827 | D:12     | Noticed a seven-headed hydra
 12841 | D:12     | Killed a seven-headed hydra
 12870 | D:12     | Found the +8 Vampire's Tooth {megavamp}
 13064 | D:12     | Reached **** piety under Nemelex Xobeh
 13338 | D:12     | Received a gift from Nemelex Xobeh
 13581 | D:13     | Found a flickering gateway to a bazaar.
 13593 | Bazaar   | Entered a bazaar
 13607 | Bazaar   | Found Entumir's Distillery.
 13607 | Bazaar   | Found Xotraust's Jewellery Emporium.
 13628 | Bazaar   | Found Piggoycu's Armour Shoppe.
 13649 | Bazaar   | Found Liuts's Jewellery Shoppe.
 13649 | Bazaar   | Found Xovuilud's Assorted Antiques.
 13734 | D:13     | Found a gate leading to a gauntlet.
 13743 | Gauntlet | Entered a Gauntlet
 13743 | Gauntlet | Found a transporter.
 13744 | Gauntlet | Noticed a death scarab
 13745 | Gauntlet | Noticed a death scarab
 13746 | Gauntlet | Found a transporter.
 13747 | Gauntlet | Received a gift from Nemelex Xobeh
 13763 | Gauntlet | Found a transporter.
 13766 | Gauntlet | Found a transporter.
 13787 | Gauntlet | Found a transporter.
 13800 | Gauntlet | Found a transporter.
 13800 | Gauntlet | Noticed a death yak
 13802 | Gauntlet | Noticed a death yak
 13802 | Gauntlet | Noticed a death yak
 13803 | Gauntlet | Noticed a death yak
 13804 | Gauntlet | Noticed a death yak
 13814 | Gauntlet | Found a transporter.
 13841 | Gauntlet | Noticed a catoblepas
 13842 | Gauntlet | Found a runed translucent gate.
 13843 | Gauntlet | Found a transporter.
 13843 | Gauntlet | Found a transporter.
 13843 | Gauntlet | Found a runed translucent gate.
 13848 | Gauntlet | Found a transporter.
 13857 | Gauntlet | Found a runed translucent gate.
 13880 | Gauntlet | Found a transporter.
 13884 | Gauntlet | Found a transporter.
 14193 | Gauntlet | Reached skill level 14 in Fighting
 14200 | Gauntlet | Killed a death scarab
 14200 | Gauntlet | Killed a death scarab
 14212 | Gauntlet | Identified the +0 pair of boots of Gauc {rElec}
 14253 | Gauntlet | Killed a death yak
 14259 | Gauntlet | Killed a death yak
 14271 | Gauntlet | Killed a death yak
 14279 | Gauntlet | Killed a death yak
 14287 | Gauntlet | Killed a death yak
 14510 | Gauntlet | Identified the staff of conjuration "Idegiwkola" {Drain
                  | rCorr Str+10 Dex-5}
 14511 | Gauntlet | Identified the ring of Lady Luck {Wiz rCorr Dex+3}
 14535 | Gauntlet | Noticed a minotaur
 14548 | Gauntlet | Killed a minotaur
 14573 | Gauntlet | Reached XP level 13. HP: 122/125 MP: 9/17
 15079 | D:13     | Reached skill level 15 in Fighting
 15725 | D:14     | Received a gift from Nemelex Xobeh
 15870 | D:14     | Found a radiant altar of Vehumet.
 16046 | D:14     | Received a gift from Nemelex Xobeh
 16049 | D:14     | Noticed a fire dragon
 16061 | D:14     | Killed a fire dragon
 16361 | D:14     | Reached ***** piety under Nemelex Xobeh
 16424 | D:14     | Reached skill level 16 in Fighting
 16468 | D:14     | Reached skill level 15 in Polearms
 16545 | D:14     | Found a gate to the Vaults.
 17320 | Lair:1   | Entered Level 1 of the Lair of Beasts
 17401 | Lair:1   | Noticed Nergalle
 17411 | Lair:1   | Killed Nergalle
 17412 | Lair:1   | Reached XP level 14. HP: 122/136 MP: 16/19
 17507 | Lair:1   | Received a gift from Nemelex Xobeh
 17859 | Lair:1   | Received a gift from Nemelex Xobeh
 18660 | Lair:2   | Received a gift from Nemelex Xobeh
 18907 | Lair:2   | Found a staircase to the Snake Pit.
 19312 | Lair:3   | Reached skill level 17 in Fighting
 19618 | Lair:3   | Identified the +3 pair of boots "Juloodgh" {Rampage Str+3}
 20204 | Lair:3   | Found a staircase to the Shoals.
 20307 | Lair:3   | Noticed Gastronok
 20318 | Lair:3   | Killed Gastronok
 20705 | Lair:4   | Received a gift from Nemelex Xobeh
 20713 | Lair:4   | Found a viscous altar of Jiyva.
 20713 | Lair:4   | Found a staircase to the Slime Pits.
 20863 | Lair:4   | Received a gift from Nemelex Xobeh
 20953 | Lair:4   | Reached ****** piety under Nemelex Xobeh
 21202 | Lair:4   | Reached skill level 18 in Fighting
 21875 | Orc:1    | Entered Level 1 of the Orcish Mines
 22025 | Orc:1    | Reached XP level 15. HP: 116/149 MP: 16/21
 22229 | Orc:1    | Received a gift from Nemelex Xobeh
 22382 | Orc:2    | Entered Level 2 of the Orcish Mines
 22386 | Orc:2    | Found a staircase to the Elven Halls.
 22957 | Orc:2    | Found Xulaogoc's Antique Weapon Shoppe.
 22957 | Orc:2    | Found Ifedibys's General Store.
 22957 | Orc:2    | Found Zioloif's Antique Weapon Shop.
 22960 | Orc:2    | Found Veliakle's Jewellery Emporium.
 23113 | Orc:2    | Bought 2 scrolls of identify for 52 gold pieces
 23174 | Orc:2    | Received a gift from Nemelex Xobeh
 23548 | D:15     | Entered Level 15 of the Dungeon
 23554 | D:15     | Noticed Josephine
 23561 | D:15     | Killed Josephine
 23601 | D:15     | Found a white marble altar of Elyvilon.
 23843 | D:15     | Received a gift from Nemelex Xobeh
 23942 | D:15     | Noticed Louise
 23948 | D:15     | Killed Louise
 24058 | D:15     | Noticed Kirke
 24067 | D:15     | Killed Kirke
 24093 | D:15     | Found a staircase to the Depths.
 24276 | D:15     | Received a gift from Nemelex Xobeh
 24454 | D:15     | Identified a scroll of acquirement
 24455 | D:15     | Acquired the +1 pair of gloves of True Grit {Dex+8 Stlth-}
 24744 | Snake:1  | Entered Level 1 of the Snake Pit
 24801 | Snake:1  | Received a gift from Nemelex Xobeh
 24894 | Snake:1  | Received a gift from Nemelex Xobeh
 24955 | Snake:1  | Noticed Aizul
 24962 | Snake:1  | Noticed Frances
 24965 | Snake:1  | Killed Aizul
 24972 | Snake:1  | Killed Frances
 24973 | Snake:1  | Reached skill level 10 in Invocations
 25300 | Snake:2  | Noticed Jorgrun
 25314 | Snake:1  | Reached skill level 19 in Fighting
 25580 | Snake:2  | Jorgrun changed into Jorgrun the storm dragon
 25580 | Snake:2  | Noticed Jorgrun
 25586 | Snake:2  | Killed Jorgrun the storm dragon
 25870 | Snake:2  | Identified the +5 chain mail of Compression {Dex+2}
 25923 | Snake:2  | Received a gift from Nemelex Xobeh
 25991 | Snake:2  | Noticed Roxanne
 26015 | Snake:2  | Killed Roxanne
 26667 | Snake:3  | Received a gift from Nemelex Xobeh
 26957 | Snake:3  | Received a gift from Nemelex Xobeh
 27297 | Snake:4  | Entered Level 4 of the Snake Pit
 27305 | Snake:4  | Reached XP level 16. HP: 158/161 MP: 22/22
 27604 | Snake:4  | Found Omi Aph's Book Boutique.
 28242 | Snake:4  | Received a gift from Nemelex Xobeh
 28336 | Snake:4  | Found Guibam's Jewellery Emporium.
 28339 | Snake:4  | Found Fucroll's Book Boutique.
 28358 | Snake:4  | Bought the ring "Qullero" {rF++ rN+ MP-9 Str+6} for 961
                  | gold pieces
 28635 | Snake:4  | Reached skill level 20 in Fighting
 29304 | Snake:4  | Reached skill level 15 in Armour
 29585 | Snake:4  | Got a serpentine rune of Zot
 29949 | Shoals:1 | Entered Level 1 of the Shoals
 29956 | Shoals:1 | Noticed a kraken
 29984 | Shoals:1 | Killed a kraken
 30436 | Shoals:1 | Received a gift from Nemelex Xobeh
 30456 | Shoals:1 | Found a runed translucent gate.
 30457 | Shoals:1 | Found a runed translucent gate.
 30458 | Shoals:1 | Found a runed translucent gate.
 30462 | Shoals:1 | Noticed Zilibas's ghost (adept MiBe)
 31254 | Shoals:1 | Reached XP level 17. HP: 131/172 MP: 15/24
 31272 | Shoals:1 | Killed Zilibas's ghost
 31442 | Shoals:2 | Received a gift from Nemelex Xobeh
 31990 | Shoals:2 | Reached skill level 21 in Fighting
 32415 | Shoals:2 | Received a gift from Nemelex Xobeh
 32614 | Shoals:2 | Noticed a kraken
 32635 | Shoals:2 | Killed a kraken
 33233 | Shoals:3 | Noticed a kraken
 33988 | Shoals:3 | Killed a kraken
 34201 | Shoals:3 | Received a gift from Nemelex Xobeh
 34503 | Shoals:3 | Acquired a +0 cloak of poison resistance
 34577 | Shoals:3 | Received a gift from Nemelex Xobeh
 34841 | Shoals:4 | Entered Level 4 of the Shoals
 35105 | Shoals:4 | Noticed a kraken
 35120 | Shoals:4 | Killed a kraken
 35354 | Shoals:4 | Found Kupeeneusk's Assorted Antiques.
 35499 | Shoals:4 | Reached skill level 22 in Fighting
 36045 | Shoals:4 | Identified the +1 broad axe "Bakowke" {freeze, rElec rPois
                  | rC+ Dex+4}
 36156 | Shoals:4 | Reached XP level 18. HP: 184/184 MP: 17/26
 36645 | Shoals:4 | Received a gift from Nemelex Xobeh
 36684 | Shoals:4 | Identified the +5 chain mail of Edog Bio {Rampage rF+ Str+3
                  | Int+2}
 36844 | Shoals:4 | Got a barnacled rune of Zot
 37756 | Depths:1 | Entered Level 1 of the Depths
 38001 | Vaults:1 | Entered Level 1 of the Vaults
 38517 | Vaults:1 | Received a gift from Nemelex Xobeh
 38717 | Vaults:1 | Received a gift from Nemelex Xobeh
 38914 | Vaults:1 | Identified the +1 spear of Governance {venom, rF+ Int+3}
 39304 | Vaults:1 | Reached skill level 15 in Shields
 39313 | Vaults:1 | Reached skill level 23 in Fighting
 40013 | Vaults:1 | Received a gift from Nemelex Xobeh
 40975 | Vaults:2 | Reached XP level 19. HP: 116/195 MP: 28/28
 41216 | Vaults:2 | Received a gift from Nemelex Xobeh
 41320 | Vaults:2 | Found Kothreusi's Book Shop.
 41409 | Vaults:2 | Reached skill level 24 in Fighting
 41518 | Vaults:2 | Identified the +1 rapier of the Wonderful God {flame, Will-
                  | Str+4 Dex+3}
 41844 | Vaults:3 | Received a gift from Nemelex Xobeh
 42238 | Vaults:3 | Received a gift from Nemelex Xobeh
 42636 | Vaults:3 | Received a gift from Nemelex Xobeh
 42981 | Vaults:3 | Found a staircase to the Crypt.
 43170 | Vaults:4 | Reached skill level 1 in Translocations
 43198 | Vaults:4 | Reached skill level 25 in Fighting
 43361 | Vaults:4 | Received a gift from Nemelex Xobeh
 43609 | Vaults:4 | Reached XP level 20. HP: 201/211 MP: 30/30
 43627 | Vaults:4 | Acquired 713 gold pieces
 43822 | Vaults:4 | Reached skill level 15 in Invocations
 44483 | Vaults:4 | Found Pynudic's Assorted Antiques.
 44552 | Vaults:4 | Received a gift from Nemelex Xobeh
 44823 | Vaults:5 | Entered Level 5 of the Vaults
 44823 | Vaults:5 | Noticed a golden dragon
 44823 | Vaults:5 | Noticed a golden dragon
 44850 | Vaults:5 | Noticed Jory
 44855 | Vaults:5 | Killed Jory
 44907 | Vaults:5 | Noticed a golden dragon
 44917 | Vaults:5 | Killed a golden dragon
 45070 | Vaults:5 | Noticed a golden dragon
 45087 | Vaults:5 | Killed a golden dragon
 45088 | Vaults:5 | Reached skill level 26 in Fighting
 45099 | Vaults:5 | Noticed a dread lich
 45104 | Abyss:3  | Cast into level 3 of the Abyss (a deep elf sorcerer)
 45209 | Abyss:3  | Received a gift from Nemelex Xobeh
 45216 | Abyss:3  | Found a corrupted altar of Lugonu.
 45288 | Abyss:3  | Found a corrupted altar of Lugonu.
 45341 | Abyss:3  | Found a corrupted altar of Lugonu.
 45366 | Vaults:5 | Escaped the Abyss
 45369 | Vaults:5 | Identified the +0 quarterstaff "Demonslayer" {pain, Str+3}
 45371 | Vaults:5 | Paralysed by a dread lich for 5 turns
 45376 | Vaults:5 | HP: 1/213 [deep elf sorcerer/bolt of acid (11)]
 45376 | Vaults:5 | Slain by a vault guard

Illustrated notes

Levels and vault maps discovered:
D:1:      minmay_arrival_five_plusses, layout_loops_cross
D:2:      layout_basic, ebering_ecumenical_altar_abandoned
D:3:      layout_basic
D:4:      gammafunk_steamed_eel, layout_basic, st_stairs_4
D:5:      layout_rooms, nicolae_elevator_lobby_asterisk, uniq_eustachio,
          uniq_duvessa, uniq_prince_ribbit1
D:6:      layout_rooms, uniq_menkaure, uniq_blork_the_orc
D:7:      lemuel_castle_with_subvaults [lemuel_castle_interior_carwin_3],
          layout_basic, amethyst_overflow_temple_binary,
          minmay_temple_entry_enclosed_plants, serial_shops, shop
D:8:      layout_loops_ring, gammafunk_ghost_wrathful_warriors,
          nicolae_wooded_promenade, nicolae_hexahallways, chequers_mini_garden,
          kennysheep_kite_vault, uniq_erica
D:9:      layout_roguey, serial_undead, serial_undead_a, serial_undead_d,
          serial_undead_d, serial_undead_a, palyth_stone_intersect,
          evilmike_butchery
D:10:     cheibrodos_shockbox, layout_basic, lair_entry_dummy
D:11:     minmay_bubble_buster, layout_long_grid, serial_shops, bzr_in_the_mist,
          shop_statue, nicolae_shop_statue_plus, kennysheep_little_box,
          uniq_grum
D:12:     layout_basic, minmay_guarded_unrand_vampires_tooth
D:13:     layout_basic, serial_shops, bzr_entry_islet, gauntlet_entry_generic
D:14:     layout_cave_pools, grunt_vaults_entry_tiered,
          infiniplex_staircase_trident, nicolae_vehumet_radiance
D:15:     grunt_enter_depths_hoard, layout_basic, elyvilon_altar_5,
          minmay_misc_feat_secret_circle, uniq_louise, uniq_kirke,
          uniq_josephine
Temple:   nicolae_temple_bog_church
Lair:1:   layout_layer_cave, uniq_nergalle
Lair:2:   layout_roguey, guppyfry_snake_entry_garden, forest_entry_grove
Lair:3:   nzn_winding_woodlands_stair_cross [nzn_winding_woodlands_5x15_jagged,
          nzn_winding_woodlands_center_lodge,
          nzn_winding_woodlands_5x15_lazy_stream,
          nzn_winding_woodlands_5x5_three, nzn_winding_woodlands_5x5_cross,
          nzn_winding_woodlands_5x15_parted,
          nzn_winding_woodlands_center_triple_pond,
          nzn_winding_woodlands_5x15_longhouse], layout_misc_corridors,
          elwin_shoals_entry_rooms, disabler_island, uniq_gastronok
Lair:4:   layout_regular_city, nicolae_slime_entry_field_trip,
          chequers_serial_rivers_small_a
Shoals:1: layout_shoals, gammafunk_ghost_necromancy
Shoals:2: layout_shoals
Shoals:3: layout_shoals
Shoals:4: shoals_end_grunt_ice, layout_shoals, serial_shops, shop
Snake:1:  layout_onion_interference, uniq_frances, uniq_aizul
Snake:2:  layout_onion, uniq_jorgrun, uniq_roxanne
Snake:3:  layout_chambers, serial_bayou_shore_b
Snake:4:  grunt_snake_rune_spirals, layout_onion_interference, minmay_shop_grove
Orc:1:    layout_caves
Orc:2:    st_orc_rangers, layout_diamond_mine, basic_altar
Vaults:1: hangedman_vaults_restitches, hangedman_vaults_impose,
          ontoclasm_vaults_gateway, vaults_mumra_minichess, v_rooms_3,
          v_misc_13, vaults_dpeg_spiral, ontoclasm_vaults_loading_screen,
          v_misc_5, vaults_room_fours, vaults_room_grunt_arrival_ludios,
          nicolae_vaults_shelves_hall, layout_vaults_chaotic_city
Vaults:2: v_alt_pattern_4, nicolae_vaults_statue_guard, v_misc_26,
          nicolae_vaults_network_s, ontoclasm_vaults_ring_large, v_misc_4,
          nicolae_vaults_alarming, vaults_room_mumra_shop_pool,
          vaults_room_fours, v_misc_28, vaults_dpeg_diagonal, layout_vaults_ring
Vaults:3: vaults_standard_mumra_x, ontoclasm_vaults_twist,
          dpeg_vaults_hating_casters, blue_anna_dwarven_crypt,
          vaults_room_large_hall, nicolae_vaults_asterisk,
          grunt_vaults_hallway_short, vaults_dpeg_ring,
          vaults_dpeg_emergency_exit, nicolae_vaults_little_squares_1,
          layout_vaults_omnigrid
Vaults:4: ontoclasm_vaults_shout, nicolae_vaults_specimen_jars, v_rooms_5,
          ontoclasm_vaults_hangar, ontoclasm_vaults_spin,
          nicolae_vaults_ring_of_whatevers, vaults_mumra_hex,
          nicolae_vaults_theta, dpeg_vaults_monster_box,
          hangedman_vaults_stagger, vaults_mumra_minichess_inversion,
          layout_vaults_omnibox, serial_shops, shop
Vaults:5: uniq_jory
Depths:1: layout_cave_pools, enter_ziggurat_a, hell_entry, nrook_mini_backslash,
          nooodl_orcs_dogs, serial_bayou_shore_b, uniq_nikola

Skill      XL: |  1  2  3  4  5  6  7  8  9 10 11 12 13 14 15 16 17 18 19 20 |
---------------+-------------------------------------------------------------+-----
Shields        | 4 5 6 7 8 9 10 11 12 14 15 16 | 16.0
Armour         | 4 5 6 8 9 10 11 12 13 14 15 16 17 18 19 | 19.5
Fighting       | 4 5 6 7 8 10 11 13 14 16 18 19 20 22 23 25 26 | 26.3
Axes           | 3 4 5 |  5.5
Polearms       | 3 6 8 10 12 13 15 17 18 19 | 19.7
Invocations    | 1 3 5 6 8 9 10 11 12 13 14 15 | 15.5
Translocations | 2 4 |  4.4

Action                     |  1- 3 |  4- 6 |  7- 9 | 10-12 | 13-15 | 16-18 | 19-21 || total
---------------------------+-------+-------+-------+-------+-------+-------+-------++-------
  Melee: War axe           |    95 |    66 |       |       |       |       |       ||   161
         Headbutt          |     4 |    15 |    25 |    90 |   254 |   314 |   137 ||   839
         Trident           |       |    11 |   233 |   563 |  1244 |  1369 |       ||  3420
         Glaive            |       |       |       |       |       |    93 |   517 ||   610
         Halberd           |       |       |       |       |       |       |     9 ||     9
 Invoke: Draw Destruction  |       |       |       |     4 |    35 |    31 |    14 ||    84
         Draw Summoning    |       |       |       |     3 |     4 |     4 |     4 ||    15
         Deal Four         |       |       |       |     1 |       |       |       ||     1
         Draw Escape       |       |       |       |       |       |     1 |     2 ||     3
  Evoke: Wand              |       |     2 |       |     2 |       |     2 |       ||     6
         Box of beasts     |       |       |       |     1 |       |       |       ||     1
    Use: Scroll            |       |       |       |    10 |    11 |    13 |     6 ||    40
         Potion            |       |       |       |     1 |     2 |     3 |     4 ||    10
   Stab: Distracted        |       |       |       |     3 |       |     1 |    16 ||    20
 Armour: Scale mail        |    48 |    28 |    58 |    12 |       |       |       ||   146
         Plate armour      |       |       |       |   151 |   434 |       |       ||   585
         Chain mail        |       |       |       |       |    17 |   706 |   202 ||   925
         Gold dragon scale |       |       |       |       |       |       |    45 ||    45
  Dodge: Dodged            |    46 |    44 |    49 |    97 |   239 |   340 |   126 ||   941
  Block: Buckler           |    30 |    23 |    36 |    87 |   180 |       |       ||   356
         Kite shield       |       |       |       |       |   112 |   929 |       ||  1041

Table legend: (Time is in decaauts)
 A = Elapsed time spent in this place.
 B = Non-inter-level travel time spent in this place.
 C = Inter-level travel time spent in this place.
 D = Time resting spent in this place.
 E = Time spent auto-exploring this place.
 F = Levels seen in this place.
 G = Mean time per level.
                   A        B        C        D        E       F      G
               +--------+--------+--------+--------+--------+-----+--------+
         Total |  44401 |  40835 |   3566 |   4095 |  29216 |  40 | 1110.0 |
       Dungeon |  17814 |  15974 |   1840 |   2074 |  11132 |  15 | 1187.6 |
        Temple |    198 |    179 |     19 |      0 |    161 |   1 |  198.0 |
          Lair |   4830 |   4044 |    786 |      0 |   3437 |   4 | 1207.5 |
        Shoals |   6922 |   6569 |    353 |   1143 |   4329 |   4 | 1730.5 |
     Snake Pit |   4999 |   4757 |    242 |    497 |   3449 |   4 | 1249.8 |
  Orcish Mines |   1456 |   1363 |     93 |      0 |   1147 |   2 |  728.0 |
        Vaults |   6845 |   6613 |    232 |    182 |   5203 |   5 | 1369.0 |
        Depths |     11 |     11 |      0 |      0 |      3 |   1 |   11.0 |
         Abyss |    233 |    233 |      0 |      0 |     47 |   1 |  233.0 |
        Bazaar |    209 |    209 |      0 |      0 |     72 |   2 |  104.5 |
      Gauntlet |    881 |    881 |      0 |    197 |    234 |   1 |  881.0 |
               +--------+--------+--------+--------+--------+-----+--------+

Top non-repeatable levels by time:
Vaults:1: 2499 daAuts
 Snake:4: 2458 daAuts
Shoals:4: 2018 daAuts
Shoals:2: 1981 daAuts
Shoals:1: 1832 daAuts
     D:7: 1821 daAuts
     D:8: 1766 daAuts
  Lair:3: 1658 daAuts
    D:14: 1597 daAuts
Vaults:4: 1595 daAuts
    D:10: 1462 daAuts
    D:13: 1459 daAuts
  Lair:1: 1429 daAuts
    D:11: 1367 daAuts
Vaults:3: 1304 daAuts
